 Dungeon Crawl Stone Soup version 0.30-a0-738-g116ff8c4af (webtiles) character file.

Game seed: 113211983288710893

2277204 Angani the Bringer of Law (level 27, 273/273 HPs)
             Began as a Red Draconian Fighter on Jan 31, 2023.
             Was the Champion of Zin.
             Escaped with the Orb
             ... and 4 runes on Feb 4, 2023!
             The game lasted 03:26:31 (74981 turns).

Angani the Bringer of Law (Red Draconian Fighter)  Turns: 74981, Time: 03:26:32

Health: 273/273    AC: 23    Str: 20      XL:     27
Magic:  40/40      EV: 46    Int:  5 (6)  God:    Zin [******]
Gold:   2630       SH: 30    Dex: 27      Spells: 26/26 levels left

rFire   + + +      SeeInvis +    k - +9 double sword (heavy)
rCold   + . .      Faith    .    b - +2 tower shield {AC+3}
rNeg    + + +      Spirit   .    (body armour unavailable)
rPois   +          Reflect  .    M - +2 hat
rElec   +          Harm     .    h - scarf {rC+ rF+}
rCorr   .          Rampage  .    U - +2 pair of gloves
Will    +++..                    l - +1 pair of boots of Dide {rPois rF+ Int-5}
Stlth   +                        A - amulet "Puzenofigg" {Fragile rN+++ Regen+ SInv Stlth-}
HPRegen 1.45/turn                T - ring of the Hare {EV+10}
MPRegen 0.27/turn                t - ring of Vehumet's Castigation {rElec Will+ Dex+6}

@: studying 3 skills
A: breathe fire, AC +13, unfitting armour, fire resistance 1, cold-blooded
0: Orb of Zot
}: 4/15 runes: barnacled, slimy, silver, gossamer
a: Breathe Fire, Renounce Religion, Recite, Vitalisation, Imprison, Sanctuary,
Donate Gold


You escaped.
You worshipped Zin.
Zin was exalted by your worship.
You visited 12 branches of the dungeon, and saw 56 of its levels.
You visited the Abyss 2 times.
You also visited: Trove, Ossuary, Bailey, Gauntlet and Desolation.

You collected 10052 gold pieces.
You spent 4472 gold pieces at shops.
You donated 2950 gold pieces to Zin.

Inventory:

Hand Weapons
 k - a +9 heavy double sword (weapon)
 N - the +2 Maxwell's thermic engine {flame, freeze}
   (You took it off a deep elf high priest on level 3 of the Elven Halls)

   It becomes more effective when it hits something.
   This effect fades over time.
 W - the +10 falchion of the Hand {venom, rElec rCorr}
   (You found it on level 15 of the Dungeon)

   rElec:     It insulates you from electricity.
   rCorr:     It protects you from acid and corrosion.
Missiles
 u - 5 throwing nets (quivered)
Armour
 b - a +2 tower shield of protection (worn)
 h - a scarf of resistance (worn)
 l - the +1 pair of boots of Dide (worn) {rPois rF+ Int-5}
   (You found it in a treasure trove)

   Int:       It affects your intelligence (-5).
   rF:        It protects you from fire.
   rPois:     It protects you from poison.
 M - a +2 hat (worn)
 U - a +2 pair of gloves (worn)
Jewellery
 g - a ring of willpower
 o - the ring "Pucre" {rF+ AC+4 Dex+5}
   (You bought it in a shop on level 1 of the Elven Halls)

   [ring of protection]

   AC:        It affects your AC (+4).
   Dex:       It affects your dexterity (+5).
   rF:        It protects you from fire.
 t - the ring of Vehumet's Castigation (right hand) {rElec Will+ Dex+6}
   (You found it on level 4 of the Dungeon)

   [ring of dexterity]

   Dex:       It affects your dexterity (+6).
   rElec:     It insulates you from electricity.
   Will:      It increases your willpower.
 A - the amulet "Puzenofigg" (around neck) {Fragile rN+++ Regen+ SInv Stlth-}
   (You bought it in a shop on level 1 of the Orcish Mines)

   [amulet of regeneration]

   rN:        It renders you almost immune to negative energy.
   SInv:      It lets you see invisible.
   Regen:     It increases your rate of health regeneration.
   Fragile:   It will be destroyed if unequipped.
   Stlth:     It makes you less stealthy.
 H - a ring of willpower
 R - a ring of protection from cold
 T - the ring of the Hare (left hand) {EV+10}
   (You took it off a deep elf annihilator on level 3 of the Elven Halls)

   [ring of evasion]

   EV:        It affects your evasion (+10).
 V - a ring of resist corrosion
Wands
 a - a wand of digging (11)
 f - a wand of charming (5)
 G - a wand of mindburst (17)
 P - a wand of flame (86)
Scrolls
 m - 6 scrolls of brand weapon
 q - 4 scrolls of fog
 r - 15 scrolls of immolation
 s - a scroll of magic mapping
 v - 6 scrolls of vulnerability
 x - 18 scrolls of teleportation
 y - 5 scrolls of enchant armour
 B - 11 scrolls of blinking
 E - 9 scrolls of fear
 I - 2 scrolls of summoning
 J - 11 scrolls of poison
 K - 12 scrolls of amnesia
 O - 3 scrolls of silence
Potions
 c - 12 potions of might
 d - 4 potions of heal wounds
 e - 11 potions of brilliance
 i - 11 potions of resistance
 n - 21 potions of curing
 p - 19 potions of attraction
 w - 4 potions of haste
 z - 2 potions of cancellation
 C - 4 potions of magic
 D - 7 potions of flight
 L - 10 potions of mutation
 Q - 5 potions of invisibility
 S - 8 potions of ambrosia
 X - 5 potions of berserk rage
Miscellaneous
 F - a phantom mirror
 Z - a phial of floods


   Skills:
 O Level 27 Fighting
 - Level 16.0 Long Blades
 - Level 23.3 Dodging
 - Level 5.5 Stealth
 + Level 25.9 Shields
 O Level 27 Invocations
 - Level 10.1 Evocations


You had 26 spell levels left.
You didn't know any spells.
Your spell library contained the following spells:

 Spells                   Type           Power      Damage    Failure   Level
 Apportation              Tloc           0%         N/A       52%         1
 Foxfire                  Conj/Fire      0%         2x1d4     52%         1
 Magic Dart               Conj           0%         1d3       52%         1
 Necrotise                Necr           0%         1d4       52%         1
 Sandblast                Erth           0%         2d4       52%         1
 Shock                    Conj/Air       0%         1d3       52%         1
 Slow                     Hex            0%         N/A       52%         1
 Summon Small Mammal      Summ           0%         N/A       52%         1
 Blink                    Tloc           0%         N/A       65%         2
 Cigotuvi's Dreadful Rot  Necr/Pois/Air  0%         N/A       65%         2
 Ensorcelled Hibernation  Hex/Ice        0%         N/A       65%         2
 Lesser Beckoning         Tloc           0%         N/A       65%         2
 Passwall                 Tmut/Erth      0%         N/A       65%         2
 Poisonous Vapours        Pois/Air       0%         N/A       65%         2
 Scorch                   Fire           0%         2d5       65%         2
 Searing Ray              Conj           0%         2d4       65%         2
 Sublimation of Blood     Necr           0%         N/A       65%         2
 Wereblood                Tmut           0%         N/A       65%         2
 Call Canine Familiar     Summ           0%         N/A       87%         3
 Confusing Touch          Hex            0%         N/A       87%         3
 Dazzling Flash           Conj/Hex       0%         N/A       87%         3
 Gell's Gravitas          Tloc           0%         N/A       87%         3
 Hailstorm                Conj/Ice       0%         3d3       87%         3
 Inner Flame              Hex/Fire       0%         N/A       87%         3
 Kindle Blastsparks       Fire/Tloc/Air  0%         2d10      87%         3
 Mephitic Cloud           Conj/Pois/Air  0%         N/A       87%         3
 Ozocubu's Armour         Ice            0%         N/A       87%         3
 Portal Projectile        Hex/Tloc       0%         N/A       87%         3
 Stone Arrow              Conj/Erth      0%         3d7       87%         3
 Swiftness                Air            0%         N/A       87%         3
 Teleport Other           Tloc           0%         N/A       87%         3
 Tukima's Dance           Hex            0%         N/A       87%         3
 Vampiric Draining        Necr           0%         2d6       87%         3
 Vhi's Electric Charge    Tloc/Air       0%         N/A       87%         3
 Airstrike                Air            0%         2d(0-16)  99%         4
 Anguish                  Hex/Necr       0%         N/A       99%         4
 Cause Fear               Hex            0%         N/A       99%         4
 Flame Wave               Conj/Fire      0%         2d4       99%         4
 Fulminant Prism          Conj/Hex       0%         3d5       99%         4
 Ice Form                 Ice/Tmut       0%         N/A       99%         4
 Iskenderun's Mystic Bla  Conj/Tloc      0%         2d3       99%         4
 Leda's Liquefaction      Hex/Erth       0%         N/A       99%         4
 Manifold Assault         Tloc           0%         N/A       99%         4
 Passage of Golubria      Tloc           0%         N/A       99%         4
 Petrify                  Tmut/Erth      0%         N/A       99%         4
 Summon Ice Beast         Ice/Summ       0%         N/A       99%         4
 Agony                    Necr           0%         N/A       100%        5
 Alistair's Intoxication  Tmut/Pois      0%         N/A       100%        5
 Arcjolt                  Conj/Air       0%         1d10      100%        5
 Blade Hands              Tmut           0%         N/A       100%        5
 Fireball                 Conj/Fire      0%         3d3       100%        5
 Irradiate                Conj/Tmut      0%         3d11      100%        5
 Iskenderun's Battlesphe  Conj           0%         2d6       100%        5
 Lee's Rapid Deconstruct  Erth           0%         3d4*      100%        5
 Metabolic Englaciation   Hex/Ice        0%         N/A       100%        5
 Silence                  Hex/Air        0%         N/A       100%        5
 Summon Forest            Summ/Tloc      0%         N/A       100%        5
 Summon Mana Viper        Hex/Summ       0%         N/A       100%        5
 Conjure Ball Lightning   Conj/Air       0%         3x3d6     100%        6
 Dispersal                Tloc           0%         N/A       100%        6
 Eringya's Noxious Bog    Tmut/Pois      0%         N/A       100%        6
 Iron Shot                Conj/Erth      0%         9d1       100%        6
 Simulacrum               Ice/Necr       0%         N/A       100%        6
 Starburst                Conj/Fire      0%         6d3       100%        6
 Statue Form              Tmut/Erth      0%         N/A       100%        6
 Summon Cactus Giant      Summ           0%         N/A       100%        6
 Enfeeble                 Hex            0%         N/A       100%        7
 Monstrous Menagerie      Summ           0%         N/A       100%        7
 Orb of Destruction       Conj           0%         9d5       100%        7
 Storm Form               Tmut/Air       0%         N/A       100%        7
 Summon Hydra             Summ           0%         N/A       100%        7
 Discord                  Hex            0%         N/A       100%        8
 Disjunction              Tloc           0%         N/A       100%        8
 Lehudib's Crystal Spear  Conj/Erth      0%         10d2      100%        8
 Maxwell's Capacitive Co  Air            0%         ∞         100%        8
 Chain Lightning          Conj/Air       0%         N/A       100%        9
 Fire Storm               Conj/Fire      0%         5d1       100%        9
 Shatter                  Erth           0%         3d5*      100%        9
 Animate Armour           Summ/Erth      Unusable   N/A       N/A         4

Dungeon Overview and Level Annotations

Branches:
Dungeon (15/15)            Temple (1/1) D:4            Lair (5/5) D:8
 Shoals (4/4) Lair:3       Spider (4/4) Lair:2        Slime (5/5) Lair:4
    Orc (2/2) D:11            Elf (3/3) Orc:2        Vaults (5/5) D:13
  Crypt (3/3) Vaults:2       Tomb (0/3) Crypt:3      Depths (4/4) D:15
    Zot (5/5) Depths:4    Ossuary (visited)          Bailey (visited)
Desolation (visited)      Gauntlet (visited)

Altars:
Ashenzari
Cheibriados
Dithmenos
Elyvilon
Fedhas
Gozag
Hepliaklqana
Kikubaaqudgha
Makhleb
Nemelex Xobeh
Okawaru
Qazlal
Ru
Sif Muna
Trog
Uskayaw
Vehumet
Wu Jian
Xom
Yredelemnul
Zin
The Shining One
Jiyva
Lugonu

Shops:
D:7 :   D:8 *?*!(   Orc:1 =(*(=   Orc:2 ?!:[   Elf:1 =:=   Shoals:4 *
Vaults:2 (   Vaults:4 =   Depths:1 *

Portals:
Hell: Depths:1 Depths:2 Depths:3 Depths:4
Abyss: Lair:5 Depths:1 Depths:3
Pandemonium: Orc:2 Depths:1 Depths:2
Ziggurat: Depths:3

Annotations:
D:14 Roxanne
Elf:3 2 runed translucent doors, Eblopp's ghost, adept VSFi
Vaults:1 3 runed translucent doors, Uhurudgh's ghost, veteran DgEE
Crypt:3 exclusion: 3 doors
Zot:5 exclusion: 2 upstairs


Innate Abilities, Weirdness & Mutations

You can breathe blasts of fire.
Your fiery red scales are hard. (AC +13)
You cannot fit into any form of body armour.
Your flesh is heat resistant. (rF+)
You are cold-blooded and may be slowed by cold attacks.


Message History

There is a stone staircase leading up, spattered with blood here.
You climb upwards.
There is a stone staircase leading down here.
Things that are here:
a +0 robe; a +0 dagger
There is a stone staircase leading up, spattered with blood here.
You climb upwards.
There is a stone staircase leading down, spattered with blood here.
You see here a +0 dagger.
There is an open door here.
There is a stone staircase leading up, spattered with blood here.
You climb upwards.
A shadow demon comes into view.
There is a stone staircase leading down here.
A shadow demon is nearby!
Items here: ))) [[ ÷.
The shadow demon completely misses you.
You open the shadow demon like a pillowcase!!!
Your tail-slap misses the shadow demon.
The shadow demon is severely wounded.
You block the shadow demon's attack.
You barely miss the shadow demon.
The shadow demon is severely wounded.
You block the shadow demon's attack.
You closely miss the shadow demon.
The shadow demon is severely wounded.
You block the shadow demon's attack.
You chop the shadow demon into pieces!!!
You kill the shadow demon!
No target in view!
There is an escape hatch in the ceiling here.
A mysterious force pulls you upwards. The hatch slams shut behind you.
There is a stone staircase leading up here.
You climb upwards.
There is a stone staircase leading down here.
There is a stone staircase leading up here.
You climb upwards.
There is a stone staircase leading down here.
There is a staircase leading out of the dungeon here.
You have escaped!

#....# ###.........
#....# #.......##
###### ##.......#
###........#
############
#...########
#≈§........#######.###
#≈≈.§≈.............#
#§§§§≈≈≈........####
#≈§§≈≈§§≈...#@..#
#§≈§≈≈≈≈≈≈..##..#
#§§≈§§§§§§......#
#≈§§§§≈§§§§.....#
#≈≈≈≈§§§§§≈.....#
§≈≈≈§§≈≈≈§.....#
≈≈≈≈≈≈≈§≈§§....#
§§§≈≈≈§≈§§....#
§≈≈≈≈≈≈≈≈≈..##


There were no monsters in sight!

Vanquished Creatures
  the Royal Jelly (Slime:5)
  2 dread liches
  4 ancient liches
  6 orbs of fire (Zot:5)
  A juggernaut (Depths:3)
  Bai Suzhen (Crypt:3)
  6 Killer Klowns (Zot:5)
  A curse toe (Zot:5)
  2 caustic shrikes
  Jory (Vaults:3)
  13 golden dragons
  Nikola (Spider:3)
  4 bone dragons
  A profane servitor (Abyss:3)
  The ghost of rigao the Peltast, an adept DjAE of Ashenzari (Shoals:3)
  3 hellephants
  A Brimstone Fiend (Zot:2)
  2 electric golems (Zot:5)
  A Hell Sentinel (Abyss:2)
  Jorgrun (Orc:2)
  A shard shrike zombie (Crypt:3)
  6 liches
  11 tentacled monstrosities
  A walking frostbound tome (Depths:2)
  2 deep elf blademasters
  5 titans
  4 deep elf master archers (Elf:3)
  25 Orb Guardians (Zot:5)
  4 quicksilver dragons
  2 krakens
  2 ancient champions
  8 sphinxes
  19 acid blobs
  3 tentacled starspawn
  Frances (Shoals:1)
  Kirke (D:14)
  8 death cobs
  10 storm dragons
  The ghost of Ytekkuppe the Peltast, an adept GrFi of Okawaru (Spider:3)
  3 draconian monks
  12 tengu reavers
  Ilsuiw (Shoals:1)
  Donald (Lair:3)
  10 azure jellies
  A revenant (Crypt:2)
  7 shadow dragons
  6 draconian knights
  7 fire giants
  12 rockslimes
  3 draconian scorchers
  15 vault wardens
  5 emperor scorpions
  12 frost giants
  7 deep elf sorcerers
  Aizul (Elf:1)
  8 ghost moths
  2 iron dragons
  2 draconian stormcallers
  6 draconian shifters
  4 draconian annihilators
  2 caustic shrike zombies
  2 broodmothers (Spider:1)
  4 deep elf elementalists (Elf:3)
  5 spriggan defenders (Depths:2)
  3 orc warlords
  3 curse skulls
  2 juggernaut skeletons
  17 ironbound preservers
  A reaper (Crypt:1)
  10 quicksilver oozes
  18 ghouls
  A quicksilver ooze (shapeshifter) (Vaults:5)
  6 ironbound thunderhulks
  13 vampire knights
  19 stone giants
  41 very ugly things
  3 war gargoyles
  13 purple draconians
  11 dire elephants
  9 green draconians
  11 spark wasps
  6 deep elf annihilators
  8 deep elf demonologists
  9 black draconians
  9 white draconians
  A lorocyproca (Abyss:3)
  12 red draconians
  5 yellow draconians
  A minotaur (Gauntlet)
  Snorg (D:15)
  8 eidola
  A quicksilver dragon zombie (Crypt:3)
  A fire dragon (shapeshifter) (Depths:2)
  3 merfolk javelineers (Shoals:4)
  Josephine (Lair:4)
  7 deep elf death magi
  10 deep elf high priests
  10 entropy weavers
  12 ettins
  15 yaktaur captains
  17 jiangshi
  11 great orbs of eyes
  31 vault guards
  10 fire dragons
  10 merfolk impalers
  Fannar (Lair:1)
  3 rakshasas
  11 ice dragons
  A catoblepas (Lair:4)
  Erica (Lair:2)
  12 spriggan air magi
  2 demonspawn (Orc:2)
  4 jorogumos
  A hell beast (Zot:4)
  3 radroaches
  6 centaur warriors
  5 death knights
  3 hydras
  A salamander tyrant (Depths:4)
  An ogre mage (Vaults:1)
  5 alligator snapping turtles
  5 peacekeepers
  2 spriggan skeletons
  13 merfolk aquamancers
  14 ironbound frosthearts
  A death scarab (Spider:3)
  2 satyrs (Shoals:3)
  6 deep troll shamans
  14 boulder beetles
  2 merfolk avatars (Shoals:4)
  9 two-headed ogres
  9 tengu warriors
  30 dancing weapons
  A two-headed ogre (shapeshifter) (Depths:1)
  5 death yaks (Lair:3)
  7 orc high priests (Orc:2)
  14 vampire magi
  6 hell hogs (Depths:3)
  8 spriggan berserkers
  5 thrashing horrors
  9 deep troll earth magi
  8 hell knights
  Urug (Orc:1)
  3 soul eaters
  6 iron trolls
  4 storm dragon zombies
  18 deep elf knights
  A fire crab (shapeshifter) (Lair:5)
  2 sixfirhies (Abyss:3)
  A storm dragon skeleton (D:15)
  4 shadow wraiths
  8 skeletal warriors
  9 wretched stars
  An anaconda zombie (Crypt:3)
  A death drake (Abyss:3)
  2 salamander mystics
  10 pharaoh ants
  A spatial maelstrom (Abyss:3)
  A ghost moth zombie (Crypt:3)
  An orb spider (shapeshifter) (Vaults:5)
  7 flayed ghosts
  14 sea snakes
  4 golden dragon zombies
  49 deep trolls
  5 glowing orange brains
  An iron giant skeleton (Crypt:3)
  2 shadow demons
  12 orc knights
  A shadow dragon zombie (Vaults:4)
  11 wizards
  4 orb spiders
  2 obsidian statues
  14 phantasmal warriors
  25 deep elf pyromancers
  9 deep elf archers
  A golden dragon skeleton (Depths:1)
  10 lindwurms
  21 ironbound convokers
  A sphinx zombie (Depths:1)
  2 bog bodies
  6 steelbarb worms
  11 necromancers
  23 deep elf zephyrmancers
  3 stone giant zombies (Depths:1)
  6 shining eyes
  3 worldbinders
  31 harpies
  An iron dragon zombie (Crypt:3)
  55 ugly things
  5 cyclopes
  6 orc sorcerers
  2 fire giant zombies (D:15)
  An oklob plant (Gauntlet)
  18 manticores
  A sphinx skeleton (Vaults:5)
  9 salamanders
  19 fauns
  29 wolf spiders
  A moth of wrath (shapeshifter) (Vaults:5)
  A jorogumo skeleton (Crypt:1)
  7 elephants
  20 vault sentinels
  A frost giant skeleton (Depths:1)
  19 moths of wrath
  A fire giant skeleton (Depths:2)
  156 slime creatures
  An orange demon (Abyss:2)
  2 torpor snails
  7 water nymphs
  Joseph (D:7)
  2 black mambas (Lair:5)
  12 merfolk sirens
  5 eyes of devastation
  An apocalypse crab (Abyss:3)
  4 demonic crawlers
  A black mamba (shapeshifter) (Lair:5)
  A shock serpent skeleton (Crypt:3)
  A storm dragon simulacrum (Depths:2)
  6 cane toads
  7 smoke demons
  A purple draconian zombie (Crypt:2)
  Maggie (D:6)
  4 rime drakes
  3 unseen horrors
  A cane toad (shapeshifter) (Vaults:5)
  A gargoyle (D:12)
  2 hellions
  An iron troll zombie (Crypt:3)
  4 spriggan zombies
  2 efreet (Abyss:3)
  2 yaktaur zombies
  2 kobold demonologists
  30 yaktaurs
  A death yak zombie (Crypt:2)
  3 freezing wraiths
  An ice devil (D:10)
  8 tengu conjurers
  5 komodo dragons
  A tormentor (Zot:2)
  A merfolk (shapeshifter) (Depths:2)
  A hellwing (Orc:2)
  5 ancient zymes
  2 red devils
  2 harpy zombies (Crypt:3)
  20 meliai
  3 polar bears
  32 merfolk
  11 trolls
  A dream sheep (shapeshifter) (Depths:2)
  2 shadow dragon simulacra
  4 wind drakes
  10 raiju (Abyss:3)
  6 hornets
  3 ettin zombies
  6 saltlings (Desolation)
  A sphinx simulacrum (Vaults:3)
  Prince Ribbit (D:7)
  An elf zombie (Vaults:3)
  A fire giant simulacrum (Vaults:4)
  25 blink frogs
  2 fire dragon zombies (Crypt:1)
  8 dream sheep
  38 tarantellas
  A jumping spider (shapeshifter) (D:12)
  12 snapping turtles
  A culicivora (shapeshifter) (Abyss:3)
  43 jumping spiders
  7 flying skulls
  10 shadows
  24 water elementals
  An ice dragon skeleton (Crypt:3)
  A centaur simulacrum (D:12)
  25 culicivoras
  A black mamba zombie (Crypt:3)
  6 wyverns
  35 yaks
  4 spriggans (Depths:2)
  10 wraiths
  An air elemental (Elf:2)
  5 fire elementals
  A spriggan (shapeshifter) (D:15)
  4 ynoxinuls
  A tyrant leech zombie (Crypt:1)
  22 vampires
  6 basilisks
  3 hogs (D:13)
  An alligator snapping turtle simulacrum (Crypt:3)
  15 golden eyes
  21 large abominations
  58 redbacks
  2 neqoxecs
  8 humans (Bailey)
  A steam dragon (D:7)
  9 chaos spawn
  Grum (D:8)
  A redback (shapeshifter) (D:15)
  A vampire mosquito (D:12)
  A yaktaur simulacrum (Vaults:3)
  A spatial vortex (Abyss:3)
  A faun zombie (Crypt:2)
  A warg (Orc:1)
  4 acid dragons
  12 water moccasins
  Duvessa (D:4)
  A glowing shapeshifter skeleton (Depths:2)
  36 orc warriors
  A swamp drake (D:11)
  A snapping turtle zombie (Crypt:3)
  A hornet zombie (Crypt:3)
  7 ogres
  A black bear (Lair:2)
  7 ice beasts
  12 wolves
  8 boggarts
  13 centaurs
  A phantom (D:7)
  2 kobold brigands
  18 bullfrogs
  8 necrophages
  10 scorpions
  A wyvern zombie (Crypt:1)
  6 earth elementals
  A glowing shapeshifter simulacrum (Depths:1)
  A gnoll sergeant (D:13)
  A salamander skeleton (Crypt:3)
  13 jellies
  A hornet simulacrum (D:14)
  16 wights
  Dowan (D:4)
  A raiju zombie (Crypt:1)
  3 howler monkeys
  2 electric eels
  3 centaur zombies (Ossuary)
  2 quasits (Abyss:2)
  4 human zombies
  2 hounds
  29 orc priests
  52 starcursed masses
  4 iron imps
  24 orc wizards
  6 scorpion zombies (Ossuary)
  Natasha (thrice) (D:4)
  A boggart zombie (Crypt:2)
  13 hell rats
  4 iguanas
  19 small abominations
  A naga skeleton (Crypt:3)
  A tengu skeleton (Crypt:1)
  3 mummies (Ossuary)
  8 gnolls
  10 adders
  A swamp drake skeleton (Crypt:2)
  6 shadow imps
  7 white imps
  2 ufetubi (Abyss:2)
  A lava snake skeleton (Crypt:2)
  2 worms
  A dart slug (D:5)
  83 orcs
  2 ball pythons (D:2)
  7 endoplasms
  3 giant cockroaches
  A gnoll zombie (Ossuary)
  11 goblins
  7 hobgoblins
  13 jackals
  2 quokkas (D:2)
  A river rat zombie (Crypt:1)
  6 bats
  5 frilled lizards
  4 goblin zombies
  2 hobgoblin zombies (Ossuary)
  13 kobolds
  3 kobold zombies (Ossuary)
  4 orc zombies (Ossuary)
  9 rats
  5 rat zombies
  A river rat skeleton (Crypt:2)
  A lurking horror (Abyss:3)
  6 pillars of salt
  5 tentacles
2869 creatures vanquished.

Vanquished Creatures (collateral kills)
  3 ironbound preservers
  A centaur warrior (D:12)
  A large abomination (Abyss:2)
  A starcursed mass (Abyss:2)
6 creatures vanquished.

Vanquished Creatures (others)
  A fire giant (Depths:4)
  A curse skull (Crypt:2)
  A yaktaur captain (Vaults:5)
  An ogre mage (Vaults:5)
  A satyr (Shoals:2)
  A glowing orange brain (Vaults:2)
  An apocalypse crab (Abyss:3)
  A meliai (Depths:2)
  3 humans (D:14)
  A neqoxec (Abyss:3)
  2 boggarts (Vaults:3)
  A bush (Abyss:2)
  A demonic plant (Abyss:2)
  16 fungi
  A lurking horror (Abyss:2)
  99 pillars of salt
  173 plants
  7 starspawn tentacles (Abyss:2)
  26 tentacles
  8 withered plants
346 creatures vanquished.

Grand Total: 3221 creatures vanquished

Notes
Turn   | Place    | Note
-------+----------+-------------------------------------------
     0 | D:1      | Angani the Draconian Fighter began the quest for the Orb.
     0 | D:1      | Reached XP level 1. HP: 19/19 MP: 1/1
   210 | D:1      | Reached XP level 2. HP: 26/26 MP: 2/2
   376 | D:1      | Reached XP level 3. HP: 31/33 MP: 3/3
   726 | D:1      | Found a white marble altar of Elyvilon.
  1076 | D:2      | Reached XP level 4. HP: 36/40 MP: 4/4
  1394 | D:3      | Noticed a necrophage
  1401 | D:3      | Killed a necrophage
  1402 | D:3      | Reached XP level 5. HP: 41/46 MP: 5/5
  1426 | D:3      | Found a transporter.
  1670 | D:3      | Found a transporter.
  1764 | D:3      | Identified the +8 chain mail of Eternal Vigilance {+Blink
                  | rC- Str+3}
  2372 | D:4      | Identified the ring of Vehumet's Castigation {rElec Will+
                  | Dex+6}
  2384 | D:4      | Noticed Natasha
  2389 | D:4      | Killed Natasha
  2390 | D:4      | Reached XP level 6. HP: 50/53 MP: 6/6
  2531 | D:4      | Found a staircase to the Ecumenical Temple.
  2534 | D:4      | Noticed Dowan
  2535 | D:4      | Noticed Duvessa
  2539 | Temple   | Entered the Ecumenical Temple
  2558 | Temple   | Became a worshipper of Zin the Law-Giver
  2558 | Temple   | Reached * piety under Zin
  2665 | D:4      | Noticed an ice beast
  2675 | D:4      | Killed an ice beast
  2676 | D:4      | Reached skill level 5 in Fighting
  2896 | D:4      | Noticed Natasha
  2900 | D:4      | Killed Natasha
  2914 | D:4      | Killed Duvessa
  2915 | D:4      | Your scales start taking on a fiery red colour.
  2915 | D:4      | Reached XP level 7. HP: 36/61 MP: 7/7
  2915 | D:4      | Gained mutation: Your flesh is heat resistant. (rF+) [Red
                  | Draconian growth]
  2915 | D:4      | Killed Dowan
  3072 | D:4      | Reached ** piety under Zin
  3104 | D:4      | Found a snail-covered altar of Cheibriados.
  3347 | D:4      | Noticed Natasha
  3349 | D:4      | Killed Natasha
  3374 | D:5      | Entered Level 5 of the Dungeon
  3429 | D:4      | Reached skill level 5 in Shields
  4082 | D:5      | Found a white marble altar of Elyvilon.
  4301 | D:5      | Noticed a troll
  4306 | D:5      | Killed a troll
  4307 | D:5      | Reached skill level 5 in Long Blades
  4307 | D:5      | Reached skill level 5 in Dodging
  4307 | D:5      | Reached XP level 8. HP: 35/70 MP: 8/8
  4583 | D:6      | Found a glowing golden altar of the Shining One.
  4601 | D:6      | Noticed Maggie
  5184 | D:6      | Killed Maggie
  5359 | D:6      | Reached *** piety under Zin
  5402 | D:6      | Identified the +9 spear "Ucuuczuz" {flame, rElec rC+ Str-3
                  | Dex+6}
  5577 | D:6      | Reached XP level 9. HP: 70/79 MP: 9/9
  5668 | D:6      | Identified the amulet of Dutseif {Acrobat rC+}
  5684 | D:6      | Identified the +7 whip of the Fox {holy, Str+5 Int-5 SInv
                  | Stlth+}
  6039 | D:7      | Noticed Joseph
  6047 | D:7      | Killed Joseph
  6053 | D:7      | Noticed a manticore
  6056 | D:7      | Killed a manticore
  6062 | D:7      | Noticed a boulder beetle
  6074 | D:7      | Noticed a two-headed ogre
  6075 | D:7      | Noticed a two-headed ogre
  6091 | D:7      | Noticed Prince Ribbit
  6093 | D:7      | Killed a two-headed ogre
  6093 | D:7      | Killed a two-headed ogre
  6094 | D:7      | Reached XP level 10. HP: 83/90 MP: 10/10
  6098 | D:7      | Killed Prince Ribbit
  6158 | D:7      | Killed a boulder beetle
  6760 | D:7      | Found Umiseen's Book Shop.
  7525 | D:8      | Found Sosheumi's Distillery.
  7540 | D:8      | Found Meuqim's General Store.
  7545 | D:8      | Bought a potion of haste for 140 gold pieces
  7545 | D:8      | Bought a potion of curing for 42 gold pieces
  7545 | D:8      | Bought a wand of mindburst (11) for 215 gold pieces
  7559 | D:8      | Found a sand-covered staircase.
  7564 | D:8      | Found Rigu's Magic Scroll Shop.
  7578 | Ossuary  | Entered an ossuary
  7651 | Ossuary  | Reached **** piety under Zin
  8010 | D:8      | Bought a scroll of identify for 20 gold pieces
  8013 | D:8      | Found Totha's General Store.
  8042 | D:8      | Bought a scroll of identify for 20 gold pieces
  8226 | D:8      | Noticed Grum
  8232 | D:8      | Killed Grum
  8357 | D:8      | Reached skill level 10 in Fighting
  8357 | D:8      | Reached XP level 11. HP: 99/99 MP: 11/11
  8577 | D:8      | Reached ***** piety under Zin
  8625 | D:8      | Found Uschamo's Antique Weapon Shoppe.
  8727 | D:8      | Found a staircase to the Lair.
  8885 | D:9      | Found a blossoming altar of Fedhas.
  8893 | D:9      | Identified the +3 war axe "Guoqoorph" {drain, Drain Dex+8}
  8988 | D:9      | Found a sacrificial altar of Ru.
  9273 | D:10     | Entered Level 10 of the Dungeon
  9381 | D:10     | Found a flagged portal.
  9389 | Bailey   | Entered a bailey
  9532 | Bailey   | Reached skill level 10 in Shields
  9650 | Bailey   | Noticed a vault guard
  9663 | Bailey   | Killed a vault guard
  9664 | Bailey   | Reached skill level 10 in Long Blades
  9700 | Bailey   | Noticed a vault guard
  9711 | Bailey   | Killed a vault guard
  9972 | D:10     | Found a burning altar of Makhleb.
  9973 | D:10     | Found a hazy altar of Hepliaklqana.
  9975 | D:10     | Found an iron altar of Okawaru.
 10019 | D:10     | Reached skill level 10 in Dodging
 10203 | D:10     | Found a shimmering blue altar of Sif Muna.
 10511 | D:10     | Found a stormy altar of Qazlal.
 10814 | D:11     | Reached skill level 1 in Invocations
 10814 | D:11     | Reached skill level 1 in Evocations
 10826 | D:11     | Identified a scroll of acquirement
 10826 | D:11     | Acquired a manual of Long Blades
 11544 | D:11     | Reached ****** piety under Zin
 11550 | D:11     | Found a staircase to the Orcish Mines.
 11562 | D:11     | Reached XP level 12. HP: 106/106 MP: 13/13
 11960 | D:12     | Found a portal to a secret trove of treasure.
 12068 | D:12     | Noticed a two-headed ogre
 12075 | D:12     | Killed a two-headed ogre
 12083 | D:12     | Noticed a boulder beetle
 12139 | D:12     | Killed a boulder beetle
 12318 | D:12     | Noticed a boulder beetle
 12351 | D:12     | Killed a boulder beetle
 12414 | D:12     | Noticed a boulder beetle
 12446 | D:12     | Killed a boulder beetle
 12447 | D:12     | Reached skill level 5 in Invocations
 12536 | D:12     | Reached skill level 5 in Evocations
 12737 | D:12     | Noticed a boulder beetle
 12738 | D:12     | Noticed a boulder beetle
 12738 | D:12     | Noticed a fire dragon
 12997 | D:12     | Noticed a centaur warrior
 13003 | D:12     | Killed a centaur warrior
 13258 | D:12     | Killed a fire dragon
 13452 | D:12     | Noticed a deep troll earth mage
 13454 | D:12     | Noticed a two-headed ogre
 13459 | D:12     | Killed a deep troll earth mage
 13476 | D:12     | Killed a two-headed ogre
 13544 | D:12     | Killed a boulder beetle
 13665 | D:12     | Killed a boulder beetle
 13817 | D:12     | Reached XP level 13. HP: 113/113 MP: 19/19
 14010 | D:12     | Noticed a tengu reaver
 14023 | D:12     | Killed a tengu reaver
 14567 | D:13     | Found an ancient bone altar of Kikubaaqudgha.
 14689 | D:13     | Reached skill level 10 in Invocations
 15066 | D:13     | Noticed an ironbound preserver
 15210 | D:13     | Killed an ironbound preserver
 15248 | D:13     | Reached skill level 10 in Evocations
 15628 | D:13     | Found a gate to the Vaults.
 16133 | D:14     | Noticed Kirke
 16183 | D:14     | Killed Kirke
 16249 | D:14     | Noticed Roxanne
 16529 | D:14     | Found a radiant altar of Vehumet.
 16540 | Abyss:2  | Cast into level 2 of the Abyss (a wizard)
 16587 | Abyss:2  | Noticed an angel
 16644 | Abyss:2  | Noticed a bone dragon
 16674 | Abyss:2  | Noticed a starcursed mass
 16722 | Abyss:2  | Noticed a starcursed mass
 16754 | Abyss:2  | Reached XP level 14. HP: 24/121 MP: 23/23
 17082 | Abyss:2  | Noticed a tentacled starspawn
 17097 | Abyss:2  | Killed a tentacled starspawn
 17441 | Abyss:2  | Noticed a brown very ugly thing
 17452 | Abyss:2  | Killed a brown very ugly thing
 17466 | Abyss:2  | Noticed a brown very ugly thing
 17472 | Abyss:2  | Noticed a tentacled starspawn
 17472 | Abyss:2  | Killed a brown very ugly thing
 17483 | Abyss:2  | Killed a tentacled starspawn
 17520 | D:14     | Escaped the Abyss
 17523 | D:14     | Reached skill level 15 in Invocations
 17915 | D:14     | Noticed Snorg
 17920 | D:15     | Entered Level 15 of the Dungeon
 17934 | D:15     | Killed Snorg
 18946 | D:15     | Found a staircase to the Depths.
 19603 | D:15     | Identified the +10 falchion of the Hand {venom, rElec
                  | rCorr}
 20016 | Lair:1   | Entered Level 1 of the Lair of Beasts
 20037 | Lair:1   | Found a gate leading to a gauntlet.
 20044 | Gauntlet | Entered a Gauntlet
 20044 | Gauntlet | Found a transporter.
 20054 | Gauntlet | Found a transporter.
 20057 | Gauntlet | Found a transporter.
 20058 | Gauntlet | Found a transporter.
 20066 | Gauntlet | Found a transporter.
 20069 | Gauntlet | Found a transporter.
 20070 | Gauntlet | Found a transporter.
 20082 | Gauntlet | Found a transporter.
 20087 | Gauntlet | Found a transporter.
 20087 | Gauntlet | Found a transporter.
 20094 | Gauntlet | Found a transporter.
 20095 | Gauntlet | Found a transporter.
 20099 | Gauntlet | Found a runed translucent door.
 20103 | Gauntlet | Found a transporter.
 20111 | Gauntlet | Found a runed translucent door.
 20127 | Gauntlet | Found a transporter.
 20583 | Gauntlet | Identified the +1 plate armour "Nefro" {+Blink Str+4 Int+2}
 20878 | Lair:1   | Noticed Fannar
 20884 | Lair:1   | Killed Fannar
 20902 | Lair:1   | Reached XP level 15. HP: 122/129 MP: 26/26
 20954 | Lair:1   | Reached skill level 5 in Stealth
 20954 | Lair:1   | Reached XP level 16. HP: 137/137 MP: 27/27
 21208 | Lair:1   | You fall into a shaft and drop 1 floor!
 21208 | Lair:2   | Noticed Erica
 21213 | Lair:2   | Killed Erica
 21977 | Lair:2   | Found a hole to the Spider Nest.
 23069 | Lair:3   | Found a staircase to the Shoals.
 23759 | Lair:4   | Noticed Josephine
 23802 | Lair:4   | Killed Josephine
 23957 | Lair:4   | Identified the +1 ring mail "Ehui" {rElec rC+}
 24221 | Lair:4   | Found a staircase to the Slime Pits.
 24235 | Lair:4   | Found a viscous altar of Jiyva.
 24732 | Lair:5   | Entered Level 5 of the Lair of Beasts
 25877 | Lair:5   | Found a corrupted altar of Lugonu.
 25877 | Lair:5   | Found a one-way gate to the infinite horrors of the Abyss.
 27434 | Orc:1    | Entered Level 1 of the Orcish Mines
 27450 | Orc:1    | Found Veasesokk's Weapon Boutique.
 27475 | Orc:1    | Found Niusix's Assorted Antiques.
 27515 | Orc:1    | Noticed Urug
 27527 | Orc:1    | Killed Urug
 27631 | Orc:1    | Found Ucutuace's Jewellery Boutique.
 27715 | Orc:1    | Found Ugrimaf's Jewellery Emporium.
 27741 | Orc:1    | Bought the amulet "Puzenofigg" {Fragile rN+++ Regen+ SInv
                  | Stlth-} for 717 gold pieces
 27855 | Orc:1    | Found Laakedac's Antique Weapon Shop.
 28034 | Orc:2    | Entered Level 2 of the Orcish Mines
 28049 | Orc:2    | Found Zeuzxim's Distillery.
 28049 | Orc:2    | Noticed Jorgrun
 28364 | Orc:2    | Found a staircase to the Elven Halls.
 28505 | Orc:2    | Killed Jorgrun
 28581 | Orc:2    | Found Sittel's Magic Scroll Shop.
 28593 | Orc:2    | Reached XP level 17. HP: 147/150 MP: 28/28
 28918 | Orc:2    | Found Kapsy's Book Shoppe.
 28918 | Orc:2    | Found a one-way gate leading to the halls of Pandemonium.
 28918 | Orc:2    | Found Othuesmegg's Antique Armour Emporium.
 28923 | Orc:2    | Bought a shiny tower shield for 262 gold pieces
 28938 | Orc:2    | Bought an embroidered cloak for 262 gold pieces
 29122 | Elf:1    | Entered Level 1 of the Elven Halls
 29233 | Elf:1    | Found a crumbling gateway.
 29285 | Desolati | Entered the Desolation of Salt
 29824 | Elf:1    | Noticed Aizul
 29842 | Elf:1    | Killed Aizul
 29859 | Elf:1    | Found an ancient bone altar of Kikubaaqudgha.
 30321 | Elf:1    | Found Omosauc's Jewellery Boutique.
 30322 | Elf:1    | Found Plog's Book Shoppe.
 30323 | Elf:1    | Found Kocviluc's Jewellery Boutique.
 30337 | Elf:1    | Bought the ring "Pucre" {rF+ AC+4 Dex+5} for 847 gold
                  | pieces
 30955 | Elf:2    | Found a runed translucent gate.
 30955 | Elf:2    | Found a runed translucent gate.
 30957 | Elf:2    | Found a runed translucent gate.
 31087 | Elf:2    | Paralysed by an air elemental for 1 turns
 31380 | Elf:2    | Noticed a deep elf blademaster
 31401 | Elf:2    | Killed a deep elf blademaster
 31601 | Elf:2    | Reached skill level 15 in Fighting
 32460 | Spider:1 | Entered Level 1 of the Spider Nest
 32466 | Spider:1 | Reached XP level 18. HP: 163/163 MP: 29/29
 32879 | Spider:1 | Reached skill level 15 in Shields
 34102 | Spider:3 | Reached skill level 15 in Dodging
 34850 | Spider:3 | Found a runed translucent door.
 34852 | Spider:3 | Noticed Ytekkuppe's ghost (adept GrFi)
 34993 | Spider:3 | Noticed Nikola
 35221 | Spider:3 | Killed Nikola
 36105 | Spider:4 | Entered Level 4 of the Spider Nest
 36420 | Shoals:1 | Entered Level 1 of the Shoals
 36532 | Shoals:1 | Noticed Frances
 36817 | Shoals:1 | Noticed Donald
 36870 | Lair:3   | Killed Donald
 37151 | Shoals:1 | Killed Frances
 37152 | Shoals:1 | Reached XP level 19. HP: 109/170 MP: 32/32
 37955 | Shoals:2 | Noticed Ilsuiw
 38051 | Shoals:1 | Killed Ilsuiw
 38429 | Shoals:2 | Upgraded the game from 0.30-a0-728-gc68057be0a to
                  | 0.30-a0-737-gf23d94013f
 39040 | Shoals:2 | Upgraded the game from 0.30-a0-737-gf23d94013f to
                  | 0.30-a0-738-g116ff8c4af
 40361 | Shoals:4 | Entered Level 4 of the Shoals
 41261 | Shoals:4 | Found a runed translucent gate.
 41435 | Shoals:4 | Found a runed translucent gate.
 41436 | Shoals:4 | Found a runed translucent gate.
 41436 | Shoals:4 | Found an opulent altar of Gozag.
 42156 | Shoals:4 | Got a barnacled rune of Zot
 42187 | Shoals:4 | Noticed rigao's ghost (adept DjAE)
 42195 | Shoals:4 | Found Yhiecs's Assorted Antiques.
 42313 | Shoals:3 | Killed rigao's ghost
 42512 | Shoals:4 | Bought a potion of heal wounds for 125 gold pieces
 42873 | Spider:3 | Killed Ytekkuppe's ghost
 43254 | Spider:3 | Reached XP level 20. HP: 182/182 MP: 34/34
 45136 | Spider:4 | Got a gossamer rune of Zot
 45617 | Elf:3    | Entered Level 3 of the Elven Halls
 45865 | Elf:3    | Found a large runed translucent door.
 45865 | Elf:3    | Found a large runed translucent door.
 46004 | Elf:3    | Noticed Eblopp's ghost (adept VSFi)
 46496 | Elf:3    | Found Ywoeck Juvvo's Distillery.
 46499 | Elf:3    | Bought a potion of curing for 42 gold pieces
 46499 | Elf:3    | Bought a potion of curing for 42 gold pieces
 46499 | Elf:3    | Bought a potion of attraction for 42 gold pieces
 46499 | Elf:3    | Bought a potion of attraction for 42 gold pieces
 46499 | Elf:3    | Bought a potion of mutation for 112 gold pieces
 46499 | Elf:3    | Bought a potion of flight for 42 gold pieces
 46499 | Elf:3    | Bought a potion of berserk rage for 70 gold pieces
 46499 | Elf:3    | Bought a potion of heal wounds for 70 gold pieces
 47152 | Elf:3    | Identified the ring "Ymahikh" {rElec AC+4}
 47605 | Elf:3    | Identified the +8 chain mail "Meediman" {Drain rElec rN+++
                  | Int-2}
 48176 | Vaults:1 | Entered Level 1 of the Vaults
 48291 | Vaults:1 | Reached XP level 21. HP: 160/194 MP: 35/35
 49134 | Vaults:1 | Found a runed translucent gate.
 49134 | Vaults:1 | Found a runed translucent gate.
 49134 | Vaults:1 | Found a runed translucent gate.
 49134 | Vaults:1 | Noticed Uhurudgh's ghost (veteran DgEE)
 49138 | Vaults:1 | Found a viscous altar of Jiyva.
 49530 | Vaults:2 | Reached skill level 15 in Long Blades
 49754 | Vaults:2 | Found Taghiruv's Antique Weapon Boutique.
 50169 | Vaults:2 | Found a staircase to the Crypt.
 51641 | Vaults:3 | Noticed Jory
 51658 | Vaults:3 | Killed Jory
 51737 | Vaults:3 | Reached XP level 22. HP: 206/206 MP: 36/36
 53403 | Vaults:4 | Found Siynt's Jewellery Shop.
 53593 | Crypt:1  | Entered Level 1 of the Crypt
 55546 | Crypt:3  | Entered Level 3 of the Crypt
 55660 | Crypt:2  | Reached XP level 23. HP: 214/215 MP: 37/37
 56206 | Crypt:3  | Found a staircase to the Tomb.
 56495 | Crypt:3  | Got Gotea's Tome of Ashen Mustering
 56762 | Crypt:3  | Noticed Bai Suzhen
 56783 | Crypt:3  | Killed Bai Suzhen
 57169 | Crypt:3  | Identified the +2 flail of Optimality {heavy, Fly rElec}
 57171 | Crypt:3  | Identified the +5 flail of Ascent {elec, rPois rC+ Str+4}
 57189 | Crypt:3  | Identified the +4 falchion of the Foot {freeze, Stlth+}
 57466 | Depths:1 | Entered Level 1 of the Depths
 57916 | Depths:1 | Found a stormy altar of Qazlal.
 58025 | Depths:1 | Found Depiodaq's Assorted Antiques.
 58290 | Orc:2    | Bought a manual of Dodging for 1360 gold pieces
 58610 | Depths:1 | Found a corrupted altar of Lugonu.
 58668 | Depths:1 | Found a gateway to Hell.
 59005 | Depths:2 | Paralysed by a hornet for 2 turns
 59665 | Depths:2 | Reached XP level 24. HP: 214/224 MP: 39/39
 59759 | Depths:2 | Identified the +3 hand axe of Utytsyts {speed, rC+}
 59759 | Depths:2 | Identified the +0 scale mail of the Unbroken {+Inv rN+ MP+9
                  | Dex+3}
 60062 | Depths:2 | Identified the +10 scimitar of Yvvett {drain, rElec}
 61011 | Depths:3 | Found a one-way gateway to a ziggurat.
 61140 | Depths:3 | You fall into a shaft and drop 1 floor!
 61140 | Depths:4 | Entered Level 4 of the Depths
 61518 | Depths:4 | Reached skill level 27 in Invocations
 61729 | Depths:4 | Found a gate to the Realm of Zot.
 62048 | D:12     | You paid a toll of +3 ice dragon scales to enter a treasure
                  | trove
 62049 | Trove    | Entered a treasure trove
 62072 | Trove    | Identified the amulet "Bunaof" {Faith Harm Will- Str+5}
 62075 | Trove    | Identified the amulet "Lueti" {Faith Rampage rC+}
 62078 | Trove    | Identified the +1 pair of boots of Dide {rPois rF+ Int-5}
 62092 | Trove    | Identified the +6 falchion of Yloa {flame, rF++ rC+}
 62424 | Depths:3 | Noticed a juggernaut
 62830 | Depths:3 | Killed a juggernaut
 62844 | Depths:3 | Reached XP level 25. HP: 147/237 MP: 40/40
 63214 | Depths:4 | Found a broken altar of Ashenzari.
 64726 | Slime:1  | Entered Level 1 of the Pits of Slime
 66730 | Slime:5  | Entered Level 5 of the Pits of Slime
 66920 | Slime:5  | Noticed the Royal Jelly
 66937 | Slime:5  | Found a viscous altar of Jiyva.
 66957 | Slime:5  | Killed the Royal Jelly
 67307 | Slime:5  | Identified the +12 flail "Jecsorch" {freeze, Will- Str+3
                  | Int+6 Dex+2}
 67310 | Slime:5  | Identified the +2 sling of Valour {drain, Str+5}
 67380 | Slime:5  | Got the Opusculum on the Grey Sky
 67396 | Slime:5  | Got a slimy rune of Zot
 67820 | Vaults:5 | Entered Level 5 of the Vaults
 68051 | Vaults:5 | Noticed an ancient lich
 68060 | Vaults:4 | Killed an ancient lich
 68497 | Vaults:5 | Reached XP level 26. HP: 173/261 MP: 40/40
 68620 | Vaults:5 | Identified the ring "Emootsimpiz" {Fire rElec rPois Dex+2
                  | Stlth-}
 69028 | Vaults:5 | Reached skill level 27 in Fighting
 69141 | Vaults:5 | Noticed an ancient lich
 69149 | Vaults:5 | Killed an ancient lich
 69172 | Vaults:5 | Identified the ring of the Shimmering Gods {Fire Fly Dex+3}
 69504 | Vaults:5 | Noticed a dread lich
 69512 | Vaults:5 | Killed a dread lich
 69558 | Vaults:5 | Identified the +0 scimitar of Fydit {speed, rPois}
 69633 | Vaults:5 | Got a silver rune of Zot
 69832 | Vaults:5 | Identified the +9 spear "Emesi" {heavy, rN+ rCorr Str+3
                  | Stlth+}
 70504 | Depths:1 | Voluntarily entered the Abyss.
 70561 | Abyss:3  | Found a corrupted altar of Lugonu.
 70733 | Abyss:3  | Found a corrupted altar of Lugonu.
 70733 | Abyss:3  | Found a corrupted altar of Lugonu.
 70733 | Abyss:3  | Found a corrupted altar of Lugonu.
 70906 | Abyss:3  | Paralysed by accursed screaming for 2 turns
 70911 | Abyss:3  | Paralysed by accursed screaming for 2 turns
 70923 | Abyss:3  | Paralysed by accursed screaming for 2 turns
 70957 | Abyss:3  | Found a corrupted altar of Lugonu.
 70959 | Abyss:3  | Found a corrupted altar of Lugonu.
 70959 | Abyss:3  | Found a corrupted altar of Lugonu.
 71026 | Abyss:3  | Found a corrupted altar of Lugonu.
 71162 | Abyss:3  | Found a corrupted altar of Lugonu.
 71235 | Abyss:3  | Found a corrupted altar of Lugonu.
 71289 | Abyss:3  | Found a corrupted altar of Lugonu.
 71293 | Abyss:3  | Found a corrupted altar of Lugonu.
 71293 | Abyss:3  | Found a corrupted altar of Lugonu.
 71312 | Abyss:3  | Found a corrupted altar of Lugonu.
 71359 | Depths:1 | Escaped the Abyss
 71573 | Zot:1    | Entered Level 1 of the Realm of Zot
 71832 | Zot:1    | Reached XP level 27. HP: 273/273 MP: 40/40
 73047 | Zot:4    | Noticed an ancient lich
 73050 | Zot:4    | Gained mutation: You are occasionally teleported next to
                  | monsters. [mutagenic glow]
 73087 | Zot:4    | Noticed a dread lich
 73094 | Zot:4    | Noticed an orb of fire
 73206 | Zot:5    | Entered Level 5 of the Realm of Zot
 73364 | Zot:5    | Noticed a dread lich
 73366 | Zot:5    | Noticed an orb of fire
 73381 | Zot:5    | Killed an orb of fire
 73831 | Zot:5    | Noticed an orb of fire
 73834 | Zot:5    | Noticed an orb of fire
 73839 | Zot:5    | Noticed an orb of fire
 73845 | Zot:5    | Killed an orb of fire
 73847 | Zot:5    | Noticed an ancient lich
 73849 | Zot:5    | Killed an orb of fire
 73850 | Zot:5    | Noticed an orb of fire
 73854 | Zot:5    | Killed an orb of fire
 73857 | Zot:5    | Killed an ancient lich
 73860 | Zot:5    | Killed a dread lich
 73864 | Zot:5    | Noticed an orb of fire
 73874 | Zot:5    | Killed an orb of fire
 73877 | Zot:5    | Noticed an ancient lich
 73879 | Zot:5    | Killed an orb of fire
 73887 | Zot:5    | Killed an ancient lich
 74305 | Zot:5    | Got the Orb of Zot
 74389 | Zot:3    | Noticed a seraph
 74500 | Zot:2    | Lost mutation: You are occasionally teleported next to
                  | monsters. [potion of mutation]
 74772 | D:11     | Donated 2631 gold pieces to Zin
 74981 | D:$      | Escaped with the Orb!

Illustrated notes

Levels and vault maps discovered:
D:1:      dpeg_arrival_lava_altar, layout_basic
D:2:      minmay_spotlight, layout_basic
D:3:      gammafunk_wand_slinger, layout_basic, minmay_misc_feat_rows
D:4:      layout_basic, lemuel_crystal_altar, temple_fountains, uniq_natasha,
          uniq_duvessa
D:5:      layout_gridville, nicolae_elyvilon_peaceful_grove, nrook_mini_vaults
D:6:      layout_cave_pools, mainiacjoe_overflow_alcove_1,
          amcnicky_mini_pool_medium, uniq_maggie
D:7:      minmay_blocky_corners, layout_loops_corners, serial_shops,
          nicolae_shop_statue_plus, serial_co_window_serial, co_window_paths_b,
          co_window_paths_a, co_window_corner_a, co_window_paths_b,
          co_window_paths_a, co_window_paths_a, co_window_corner_a,
          co_window_broadway_c, co_window_corner_b, co_window_unsneaky_path_a,
          co_window_cross_4, co_window_corner_b, co_window_unsneaky_path_d,
          glass_columns_c, glass_columns_c, glass_columns_a, glass_columns_a,
          glass_columns_a, uniq_joseph, uniq_prince_ribbit1
D:8:      layout_cave_pools, hellmonk_lair_entry_icy, serial_shops,
          nicolae_stop_n_shop_1, nicolae_shop_stone, shop, shop,
          nicolae_shop_competitors_out_of_business, enter_ossuary_4,
          serial_glass, glass_columns_a, glass_columns_b,
          hangedman_abyss_or_decor_stagger, minmay_crystal_water,
          minmay_statues_item, uniq_grum
D:9:      layout_cross, nicolae_ru_path_of_blood, fedhas_altar_2
D:10:     layout_basic, lemuel_tele_altar, lemuel_coloured_pillars_altar,
          grunt_temple_overflow_open, enter_bailey_2
D:11:     layout_long_grid, erik_orc_1, kennysheep_generic_room_16
D:12:     nzn_winding_woodlands_large [nzn_winding_woodlands_5x5_open_star,
          nzn_winding_woodlands_5x15_cabin, nzn_winding_woodlands_hourglass,
          nzn_winding_woodlands_center_lodge,
          nzn_winding_woodlands_15x15_thick_spiral,
          nzn_winding_woodlands_center_garden, nzn_winding_woodlands_5x5_cross,
          nzn_winding_woodlands_5x15_lazy_stream,
          nzn_winding_woodlands_5x5_three], layout_small_grid,
          nicolae_trove_entry_isolated
D:13:     layout_long_grid, skrybe_vaults_entry_preservation,
          lemuel_zombie_altar_kikubaaqudgha
D:14:     layout_basic, minmay_door_square, vehumet_altar_wand_db, uniq_roxanne,
          uniq_snorg, uniq_kirke
D:15:     gammafunk_depths_entry_grave, layout_gridville
Temple:   nicolae_temple_ecumenical_triangle
Lair:1:   layout_regular_city, gauntlet_entry_generic,
          hangedman_lair_generics_rect, serial_bayou_shore_b, uniq_fannar
Lair:2:   layout_regular_city, nicolae_spider_entry_orb_guardian,
          chequers_serial_rivers_small_3, grunt_forest_small_clearing_treed,
          lemuel_fruit_tree, uniq_erica
Lair:3:   layout_roguey, elwin_shoals_entry_stream,
          chequers_serial_rivers_room_b, serial_bayou_pond_b
Lair:4:   layout_regular_city, nicolae_slime_entry_field_trip,
          beast_lair_carwin_5, wad_woods_river_01, uniq_josephine
Lair:5:   hellmonk_lair_end_abyssal_woods, layout_long_grid,
          nicolae_lair_time_for_slime, grunt_megastairs_4
Shoals:1: layout_shoals, uniq_frances, uniq_donald
Shoals:2: layout_shoals, nicolae_shoals_aquamancer_cove, uniq_ilsuiw
Shoals:3: layout_shoals, kb_tengu_band
Shoals:4: shoals_end_hangedman, layout_shoals, ebering_ghost_gozag
Spider:1: nicolae_spider_hilbert_zone_3 [nicolae_spider_hilbert_4_sides_2_open,
          nicolae_spider_hilbert_3_sides_1_open,
          nicolae_spider_hilbert_3_sides_1_open,
          nicolae_spider_hilbert_3_sides_1_open,
          nicolae_spider_hilbert_3_sides_1_open,
          nicolae_spider_hilbert_4_sides_1_open,
          nicolae_spider_hilbert_4_sides_1_open,
          nicolae_spider_hilbert_4_sides_1_open,
          nicolae_spider_hilbert_4_sides_1_open,
          nicolae_spider_hilbert_4_sides_1_open,
          nicolae_spider_hilbert_4_sides_1_open,
          nicolae_spider_hilbert_4_sides_1_open,
          nicolae_spider_hilbert_4_sides_1_open,
          nicolae_spider_hilbert_3_sides_1_open,
          nicolae_spider_hilbert_3_sides_1_open,
          nicolae_spider_hilbert_3_sides_1_open,
          nicolae_spider_hilbert_3_sides_1_open]
Spider:2: layout_spider_delve
Spider:3: spider_temple_joshua, ebering_ghost_inner_flame, uniq_nikola
Spider:4: grunt_spider_rune_parallel, nicolae_spider_circle_web, drop_trap
Slime:1:  layout_caves
Slime:2:  layout_caves
Slime:3:  layout_caves
Slime:4:  layout_caves
Slime:5
Orc:1:    layout_caves, serial_shops, nicolae_shop_overgrown_old_shop,
          nicolae_shop_crystal, nicolae_shop_hallway_stairs,
          nicolae_shop_hallway_plus, nicolae_diamond_shop, uniq_urug
Orc:2:    pf_orc_diabolical, layout_caves, uniq_jorgrun
Elf:1:    minmay_elf_arrival_circle, layout_geoelf_diagonals, basic_altar,
          portal_desolation_entry_nicolae_slug, hangedman_elf_disciples,
          minmay_shop_grove, uniq_aizul
Elf:2:    elven_hall_of_blades_hangedman_original
          [nicolae_blade_entry_diamond_columns], layout_geoelf_octagon
Elf:3:    minmay_elf_hall_not_hex, layout_geoelf_castle, serial_shops,
          nicolae_shop_behind_doors, ebering_ghost_disaster_area
Vaults:1: gammafunk_ghost_ooze, hangedman_vaults_restitches, v_misc_23,
          vaults_room_glass_cross, vaults_room_pools, v_misc_3,
          vaults_room_pool, ontoclasm_vaults_fault, layout_vaults_omnigrid
Vaults:2: blue_anna_dwarven_crypt, nicolae_vaults_what_the_h, vaults_room_grid,
          hangedman_vaults_snaps, hangedman_vaults_capsules,
          nicolae_vaults_display_case, dpeg_vaults_monster_row,
          grunt_vaults_twisty, ontoclasm_vaults_loading_screen,
          nicolae_vaults_little_squares_6, grunt_vaults_funnel,
          nicolae_vaults_theta, grunt_vaults_hallway_short,
          layout_vaults_big_room, serial_shops, nicolae_shop_crystal
Vaults:3: nicolae_vaults_hallways_thing, hangedman_vaults_restitches,
          hangedman_vaults_unwind, nicolae_vaults_windows_and_doors_thing,
          v_pattern_4, vaults_dpeg_doors, grunt_vaults_hallway_short,
          nicolae_vaults_circle_grid_b, vaults_room_fours,
          nicolae_vaults_mini_display_case, ontoclasm_vaults_hangar,
          grunt_vaults_focal, vaults_room_door_ring, grunt_vaults_hallway_short,
          layout_vaults_ring, uniq_jory
Vaults:4: vaults_room_large_hall, v_pattern_3, dpeg_vaults_monster_box,
          nicolae_vaults_twisting_passages, hangedman_vaults_hat,
          hangedman_vaults_stagger, vaults_room_door_hall,
          hangedman_vaults_stretched_pinwheel, v_alt_pattern_1,
          nicolae_vaults_little_squares_6, vaults_room_hangedman_quadrants,
          layout_vaults_big_cross, serial_shops, shop
Vaults:5: serial_shops
Crypt:1:  layout_catacombs, serial_sigils_hangedman_carve
Crypt:2:  layout_rooms, minmay_misc_feat_hallway, due_unseen_surprise,
          grunt_megastairs_5
Crypt:3:  due_elkab, layout_chaotic_city, glass_columns_a, uniq_bai_suzhen,
          uniq_margery
Depths:1: layout_gridlike, serial_shops, kennysheep_mini,
          hangedman_decor_slide_cut, hell_entry, abyss_entry_flame_altar,
          rand_demon_pan_entry_8, minmay_misc_feat_doors, grunt_ministairs_14,
          nicolae_qazlal_general_emergency
Depths:2: box_level_dp, hell_entry, pan_entry, serial_shops
Depths:3: cheibrodos_salmonella, layout_gridville, enter_ziggurat_d,
          hangedman_abyss_entry_splay, grunt_hell_horde
Depths:4: grunt_twist_and_shout, layout_basic, ashenzari_altar_1, hell_entry
Zot:1:    layout_basic
Zot:2:    layout_cathedral_of_symmetry, hangedman_zot_decor_tridents,
          hangedman_zot_wheel_spokes, zot_minivault_7, uniq_tiamat,
          uniq_josephina
Zot:3:    layout_onion, grunt_ministairs_8
Zot:4:    gammafunk_sealed_library, layout_concentric_octagons,
          skrybe_zot_glass_2
Zot:5:    layout_gridlike

Skill      XL: |  1  2  3  4  5  6  7  8  9 10 11 12 13 14 15 16 17 18 19 20 21 22 23 24 25 26 27 |
---------------+----------------------------------------------------------------------------------+-----
Dodging        | 3 4 5 6 7 8 10 11 12 14 15 17 18 20 23 | 23.3
Fighting       | 4 5 6 7 8 10 11 13 15 16 18 19 20 21 26 27 | 27.0
Long Blades    | 3 4 5 6 7 8 10 11 14 16 | 16.0
Shields        | 4 5 6 8 9 10 11 12 14 15 16 17 18 20 21 25 | 25.9
Invocations    | 2 8 13 15 18 20 24 27 | 27.0
Evocations     | 2 7 10 | 10.1
Stealth        | 5 |  5.5

Action                     |  1- 3 |  4- 6 |  7- 9 | 10-12 | 13-15 | 16-18 | 19-21 | 22-24 | 25-27 || total
---------------------------+-------+-------+-------+-------+-------+-------+-------+-------+-------++-------
  Melee: Long sword        |   103 |    78 |   173 |   195 |   500 |       |       |       |       ||  1049
         Tailslap          |     6 |     8 |    28 |   146 |   129 |   566 |   635 |   563 |   492 ||  2573
         Falchion          |       |       |       |   584 |   133 |  2440 |  1795 |       |       ||  4952
         Scimitar          |       |       |       |       |       |    19 |    46 |       |       ||    65
         Double sword      |       |       |       |       |       |       |   669 |  2220 |  1859 ||  4748
  Throw: Throwing net      |       |       |       |       |     1 |       |       |       |       ||     1
 Invoke: Recite            |       |       |     3 |     2 |    13 |    44 |    92 |    78 |    61 ||   293
         Vitalisation      |       |       |       |     1 |     6 |    12 |     2 |     5 |     7 ||    33
         Sanctuary         |       |       |       |       |       |     1 |       |       |     4 ||     5
         Donate Gold       |       |       |       |       |       |       |       |       |     1 ||     1
Ability: Breathe Fire      |       |       |    14 |    39 |    43 |    70 |    74 |     7 |     8 ||   255
  Evoke: Wand              |       |    18 |     4 |    19 |    21 |     5 |    20 |     1 |     6 ||    94
         Phial of floods   |       |       |       |       |       |     1 |     1 |     1 |       ||     3
         Phantom mirror    |       |       |       |       |       |     1 |     1 |       |       ||     2
    Use: Scroll            |       |     4 |     3 |    15 |     8 |    11 |     4 |    12 |     7 ||    64
         Potion            |       |     1 |       |     7 |    12 |     3 |     2 |     3 |    23 ||    51
   Stab: Distracted        |       |       |     1 |       |     1 |     6 |     5 |     4 |     1 ||    18
         Sleeping          |       |       |     1 |     2 |     1 |    22 |    12 |    13 |     2 ||    53
         Confused          |       |       |       |       |     2 |    39 |    83 |    49 |    65 ||   238
         Paralysed         |       |       |       |       |       |    47 |    35 |    30 |     8 ||   120
         Invisible         |       |       |       |       |       |       |     4 |     3 |     2 ||     9
 Armour: Skin              |    31 |    25 |    39 |   132 |   130 |   427 |   401 |   191 |   284 ||  1660
  Dodge: Dodged            |    59 |    49 |   138 |   318 |   210 |  1285 |  1359 |  1483 |  1736 ||  6637
  Block: Buckler           |    24 |    18 |    34 |       |       |       |       |       |       ||    76
         Kite shield       |       |       |    50 |   160 |       |       |       |       |       ||   210
         Tower shield      |       |       |       |   603 |   842 |  3081 |  2922 |  2464 |  2733 || 12645
         Reflection        |       |       |       |     2 |    54 |     5 |       |       |       ||    61

Table legend: (Time is in decaauts)
 A = Elapsed time spent in this place.
 B = Non-inter-level travel time spent in this place.
 C = Inter-level travel time spent in this place.
 D = Time resting spent in this place.
 E = Time spent auto-exploring this place.
 F = Levels seen in this place.
 G = Mean time per level.
                   A        B        C        D        E       F      G
               +--------+--------+--------+--------+--------+-----+--------+
         Total |  74896 |  67946 |   6950 |  13508 |  31107 |  64 | 1170.2 |
       Dungeon |  20348 |  18013 |   2335 |   4542 |   9669 |  15 | 1356.5 |
        Temple |     26 |     22 |      4 |      0 |      0 |   1 |   26.0 |
          Lair |   7735 |   7128 |    607 |   1692 |   3954 |   5 | 1547.0 |
        Shoals |   6071 |   5692 |    379 |    983 |   2542 |   4 | 1517.8 |
   Spider Nest |   6209 |   5769 |    440 |   1518 |   1909 |   4 | 1552.2 |
    Slime Pits |   2688 |   2478 |    210 |    429 |   1206 |   5 |  537.6 |
  Orcish Mines |   1901 |   1571 |    330 |    244 |    703 |   2 |  950.5 |
   Elven Halls |   5030 |   4677 |    353 |    810 |   1631 |   3 | 1676.7 |
        Vaults |   8621 |   7547 |   1074 |   1153 |   3815 |   5 | 1724.2 |
         Crypt |   3494 |   3041 |    453 |    237 |   1693 |   3 | 1164.7 |
        Depths |   6101 |   5508 |    593 |    551 |   3178 |   4 | 1525.2 |
           Zot |   3009 |   2841 |    168 |    437 |    578 |   5 |  601.8 |
         Abyss |   1860 |   1860 |      0 |    492 |      0 |   3 |  620.0 |
         Trove |     60 |     60 |      0 |      0 |      0 |   1 |   60.0 |
       Ossuary |    425 |    425 |      0 |     61 |     68 |   1 |  425.0 |
        Bailey |    422 |    422 |      0 |    134 |     43 |   1 |  422.0 |
    Desolation |    345 |    345 |      0 |     60 |      0 |   1 |  345.0 |
      Gauntlet |    543 |    543 |      0 |    163 |    116 |   1 |  543.0 |
               +--------+--------+--------+--------+--------+-----+--------+

Top non-repeatable levels by time:
    D:12: 2829 daAuts
Spider:3: 2426 daAuts
   Elf:3: 2233 daAuts
  Lair:5: 2144 daAuts
Shoals:4: 2114 daAuts
Vaults:2: 2043 daAuts
Depths:2: 1951 daAuts
Vaults:4: 1889 daAuts
Vaults:5: 1844 daAuts
    D:15: 1812 daAuts
    D:11: 1798 daAuts
  Lair:4: 1725 daAuts
    D:13: 1709 daAuts
 Crypt:3: 1704 daAuts
     D:7: 1663 daAuts
